Map: Coda LE (Void)

Players

DadSquidUSA

  • Race: Protoss Protoss
  • League: Grandmaster

CaptRaynor - Winner!

  • Race: Terran Terran
  • League: Grandmaster

VOD

Have the link to the VOD?

Description

Time

  • Played on: July 7, 2015, 11:34 p.m.
  • Length: 17:26
Show
View Real Time Build Order
Export as new Build Order

DadSquidUSA Protoss 

Build Orders:  

Get SALT Encoding   

  12  0:01  Probe  
  13  0:15  Pylon  
  13  0:18  Probe  
  14  0:25  Assimilator  
  15  0:42  Probe (Chrono Boost)  
  15  0:52  Probe (Chrono Boost)  
  15  0:55  Gateway  
  16  1:00  Probe (Chrono Boost)  
  16  1:03  Assimilator  
  18  1:11  Probe (Chrono Boost)  
  18  1:18  Probe (Chrono Boost)  
  19  1:22  Forge  
  19  1:29  Probe  
  20  1:37  Pylon  
  20  1:41  Probe  
  21  1:53  Probe  
  22  1:54  Cybernetics Core  
  22  2:05  Pylon  
  22  2:10  Protoss Ground Weapons Level 1  
  22  2:12  Zealot  
  24  2:26  Gateway  
  24  2:27  Probe  
  25  2:34  Warp Gate (Chrono Boost)  
  25  2:39  Probe  
  25  2:43  Zealot  
  28  2:55  Photon Cannon  
  28  3:16  Stargate  
  28  3:28  Zealot  
  28  3:31  Zealot  
  32  3:55  Gateway  
  32  3:58  Stalker  
  32  3:59  Stalker  
  36  4:23  Pylon  
  36  4:25  Pylon  
  36  4:39  Protoss Ground Armor Level 1 (Chrono Boost)  
  36  4:40  Void Ray  
  36  4:42  Protoss Air Weapons Level 1  
  40  5:00  Nexus  
  40  5:04  Stalker  
  41  5:36  Fleet Beacon  
  41  5:41  Probe  
  42  5:48  Assimilator  
  42  5:52  Assimilator  
  42  5:56  Photon Cannon  
  42  6:17  Probe (Chrono Boost)  
  43  6:24  Carrier (Chrono Boost)  
  44  6:28  Probe (Chrono Boost)  
  44  6:29  Probe (Chrono Boost)  
  45  6:34  Probe (Chrono Boost)  
  45  6:37  Probe  
  47  6:46  Probe  
  54  6:49  Probe  
  55  6:54  Stalker  
  55  6:58  Stalker, Probe  
  60  7:08  Pylon  
  60  7:11  Pylon  
  60  7:25  Protoss Air Weapons Level 2 (Chrono Boost)  
  60  7:26  Probe x2  
  60  7:28  Carrier (Chrono Boost)  
  62  7:38  Probe  
  62  7:39  Stalker  
  65  7:50  Probe  
  71  8:12  Stalker  
  73  8:22  Carrier (Chrono Boost)  
  73  8:25  Probe (Chrono Boost)  
  73  8:26  Pylon  
  74  8:28  Pylon  
  75  8:36  Probe (Chrono Boost)  
  75  8:42  Probe (Chrono Boost)  
  82  8:54  Probe  
  83  9:06  Stalker x3, Probe  
  90  9:18  Probe  
  88  9:27  Protoss Air Armor Level 1  
  88  9:30  Probe  
  89  9:41  Stalker  
  89  9:42  Probe  
  92  9:53  Carrier (Chrono Boost)  
  92  9:57  Pylon  
  92  9:59  Pylon  
  92  10:09  Pylon  
  76  10:58  Carrier (Chrono Boost)  
  62  11:05  Stalker  
  62  11:06  Stalker x2  
  74  11:31  Stalker  
  76  11:33  Stalker x2  
  80  11:44  Nexus  
  80  11:55  Carrier (Chrono Boost)  
  86  12:26  Cybernetics Core  
  86  12:45  Pylon  
  86  12:51  Assimilator  
  86  12:52  Carrier (Chrono Boost)  
  86  12:56  Assimilator  
  86  13:00  Protoss Air Weapons Level 3 (Chrono Boost)  
  90  13:14  Gateway  
  90  13:17  Gateway  
  90  13:20  Gateway  
  90  13:23  Gateway  
  90  13:26  Stalker  
  92  13:28  Stalker x2  
  96  13:42  Probe, Stargate  
  97  13:54  Probe  
  98  13:58  Stalker x2  
  102  14:07  Probe  
  103  14:14  Cybernetics Core  
  103  14:19  Probe  
  104  14:31  Probe  
  104  14:43  Probe  
  97  14:55  Probe  
  94  15:01  Stalker x2  
  94  15:02  Stalker  
  87  15:07  Probe  
  81  15:21  Carrier  
  85  15:58  Pylon  
  85  16:01  Probe  
  80  16:13  Probe  
  61  16:25  Probe  
  56  16:37  Probe  
  28  16:59  Stalker x2  
  28  17:00  Stalker x3  
Show
View Real Time Build Order
Export as new Build Order

CaptRaynor Terran - Winner!

Build Orders: MMM Bio 

Get SALT Encoding   

  12  0:05  SCV  
  13  0:17  SCV  
  14  0:33  SCV, Supply Depot  
  15  0:54  SCV  
  16  1:00  Barracks  
  16  1:07  SCV  
  17  1:13  Refinery  
  17  1:19  SCV  
  18  1:26  Command Center  
  18  1:31  SCV  
  19  1:43  SCV  
  20  1:51  Barracks Tech Lab  
  20  1:55  Supply Depot  
  20  2:02  SCV  
  21  2:10  Refinery  
  21  2:14  Reaper  
  22  2:15  Orbital Command  
  22  2:34  Supply Depot  
  22  2:58  Orbital Command  
  22  3:01  SCV  
  22  3:03  Marauder  
  25  3:09  Factory  
  25  3:40  SCV x2  
  27  3:52  Stimpack  
  27  3:57  Starport  
  27  4:04  SCV x2  
  27  4:07  Refinery  
  29  4:14  Marauder  
  31  4:20  SCV x2  
  31  4:21  Factory Reactor  
  33  4:33  SCV x2  
  35  4:46  Marauder  
  35  4:47  SCV x2  
  35  4:49  Starport Reactor  
  39  5:10  SCV x2  
  39  5:12  Marauder  
  42  5:17  Liberator x2  
  42  5:19  Engineering Bay  
  42  5:25  Widow Mine x2  
  42  5:28  SCV x2  
  52  5:37  Marine  
  53  5:44  SCV  
  53  5:49  Supply Depot  
  54  5:53  Combat Shields  
  54  5:57  Missile Turret  
  54  6:05  Missile Turret  
  54  6:10  Marine  
  55  6:13  Supply Depot  
  54  6:29  SCV x2  
  56  6:36  Supply Depot, Liberator x2  
  56  6:45  Marine  
  61  6:56  Terran Infantry Weapons Level 1  
  61  6:57  SCV x2  
  63  7:02  Armory, Widow Mine  
  63  7:03  Widow Mine  
  63  7:07  Barracks  
  63  7:08  Marauder  
  69  7:15  Concussive Shells  
  69  7:23  Command Center  
  69  7:25  SCV x2, Supply Depot  
  71  7:46  SCV x2  
  73  7:54  Supply Depot  
  73  7:55  Barracks  
  73  7:58  Starport  
  73  8:02  Medivac x2  
  73  8:05  Marauder  
  79  8:14  Terran Ship Weapons Level 1  
  79  8:16  Supply Depot, Widow Mine  
  79  8:17  Widow Mine  
  83  8:40  Barracks Reactor  
  83  8:45  Liberator x2  
  83  8:52  Starport Tech Lab  
  83  8:59  Terran Infantry Weapons Level 2  
  85  9:05  Barracks Reactor  
  85  9:06  Marauder  
  89  9:15  Supply Depot  
  89  9:34  Marine x2  
  89  9:35  Marauder  
  93  9:41  Planetary Fortress  
  93  9:44  Liberator x2  
  93  9:47  SCV x2  
  95  9:53  Refinery  
  95  10:06  Supply Depot  
  99  10:13  Supply Depot  
  97  10:34  Marine x2  
  97  10:35  Marine x3  
  101  10:42  Command Center  
  98  10:54  Unknown  
  89  11:16  Liberator x2  
  89  11:21  Terran Infantry Weapons Level 3  
  89  11:22  Terran Ship Weapons Level 2  
  93  11:53  Liberator  
  93  12:05  Marine x3  
  93  12:06  Marine  
  93  12:07  Marauder  
  98  12:24  Liberator x2  
  102  12:47  Marine x2  
  102  12:48  Marine x2  
  102  12:49  Marauder  
  108  12:52  Planetary Fortress, Barracks  
  108  13:25  Raven  
  110  13:38  Command Center  
  110  13:40  Barracks, Terran Ship Weapons Level 3  
  110  13:41  Widow Mine x2  
  110  13:43  Marine x4  
  110  13:44  Marauder  
  120  13:48  Barracks Reactor  
  120  13:58  Terran Infantry Armor Level 1  
  120  14:06  Liberator  
  120  14:23  Viking x2  
  126  14:29  Barracks Tech Lab  
  126  14:30  Marine x5  
  126  14:31  Refinery, Marine  
  132  14:33  Marauder  
  127  14:56  Refinery  
  113  15:00  Liberator x2  
  104  15:18  Viking  
  104  15:19  Marine x6  
  112  15:22  Marauder x2  
  115  16:10  Liberator  
  115  16:18  Marine x2  
  115  16:19  Marine x4  
  115  16:20  Marauder  
  115  16:21  Marauder  
  125  16:26  Viking x2  
Tags
 
Add a new tag
Caveats
  • Supply blocks, unpowered buildings, or Contaminate may cause inaccurate times.
  • Supply counts are checked every 10 seconds.